 Dungeon Crawl Stone Soup version 0.26.0-10-g1f06aea511 (webtiles) character file.

Game seed: 18350489060392947421

0 inc the Conjurer (level 1, -1/7 HPs)
             Began as a Felid Conjurer on Feb 2, 2021.
             Slain by a jackal (3 damage)
             ... on level 1 of the Dungeon.
             The game lasted 00:00:29 (184 turns).

inc the Conjurer (Felid Conjurer)                    Turns: 184, Time: 00:00:29

Health: -1/7       AC:  1    Str:  3    XL:     1   Next: 8%
Magic:  1/4        EV: 17    Int: 19    God:
Gold:   16         SH:  0    Dex: 14    Spells: 3/4 levels left
                                        Lives:  0   Deaths: 0

rFire    . . .     SeeInvis +   (weapon unavailable)
rCold    . . .     Faith    .   (shield unavailable)
rNeg     . . .     Spirit   .   (armour unavailable)
rPois    .         Reflect  .   (helmet unavailable)
rElec    .         Harm     .   (cloak unavailable)
rCorr    .         Rampage  .   (gloves unavailable)
Will     .....                  (boots unavailable)
Stlth    +++.......             (no amulet)
HPRegen  0.02/turn              (no ring)
MPRegen  0.09/turn              (no ring)

@: quick
A: very small, no armour, no weapons or thrown items, stealth, claws 1, fangs 3,
see invisible, speed 1, shaggy fur 1, sharp paws
a: no special abilities


You were on level 1 of the Dungeon.
You visited 1 branch of the dungeon, and saw 1 of its levels.

You collected 16 gold pieces.

Inventory:

Jewellery
 c - an uncursed ring of protection from fire {unknown}
Scrolls
 b - 2 scrolls of identify {unknown}
 e - 3 scrolls of enchant armour {unknown}
Potions
 a - a potion of resistance {unknown}
 d - a potion of curing {unknown}
 f - a potion of haste {unknown}
 g - a potion of might {unknown}


   Skills:
 - Level 2.6 Dodging
 - Level 2.6 Stealth
 - Level 2.0 Spellcasting
 + Level 3.6 Conjurations


You had 3 spell levels left.
You knew the following spells:

 Your Spells              Type           Power        Failure   Level
a - Magic Dart            Conj           60%          3%          1

Your spell library contained the following spells:

 Spells                   Type           Power        Failure   Level
 Searing Ray              Conj           30%          6%          2
 Dazzling Flash           Conj/Hex       16%          24%         3
 Fulminant Prism          Conj/Hex       4%           63%         4
 Iskenderun's Mystic Bla  Conj/Tloc      8%           63%         4


Dungeon Overview and Level Annotations

Branches:
Dungeon (1/15)

Altars:


Innate Abilities, Weirdness & Mutations

You cannot wear armour.
You are incapable of wielding weapons or throwing items.
Your paws allow you to move quietly. (Stealth)
You have sharp claws.
You have razor-sharp teeth.
You have supernaturally acute eyesight. (SInv)
You cover ground quickly.
You are covered in fur. (AC +1)
Your sharp claws are effective at attacking unaware monsters.


Message History

The jackal closely misses you.
Aiming: Magic Dart (safe; 3% risk of failure)
Press: ? - help, Q - select action Shift-Dir - straight line, f/p - jackal
Aim: a jackal (heavily wounded, 0% to evade)
The magic dart hits the jackal.
The jackal is severely wounded.
The jackal bites you. The jackal misses you.
You don't have enough magic to cast that spell.
There are monsters nearby!
The jackal bites you.
* * * LOW HITPOINT WARNING * * *
Your magical contamination has completely faded away.
The jackal enters a dispersal trap!
The jackal blinks! x5; You blink.
The jackal blinks!
The jackal misses you.
The jackal barks!
You scratch the jackal.
The jackal is moderately wounded.
The jackal closely misses you. The jackal barely misses you. x2
The jackal bites you.
You die...

#...........# ..# #.#
#.........### #.# #.. #.######.#
##.### #.# ##.# #.# ###....##
#.# #..# #.# #...#...+ #.## #.#
##.###.## #.# #.# ##.# #.# #.#
#####.###..# #.##
##.###....@).#.## #..###
######...##.###h###.###..#..##
#......#......#h..##.##.###..###
#.........###.....##.....###.#..
#......#### ##.ยง..#<#.####
#.##. #...[..#
#...^##########.##. #......#
##h..######.....### #......##
###..#...............
#.......####......#....#########


You could see 3 jackals.

Vanquished Creatures
  A rat (D:1)
1 creature vanquished.

Notes
Turn   | Place    | Note
-------+----------+-------------------------------------------
     0 | D:1      | inc the Felid Conjurer began the quest for the Orb.
     0 | D:1      | Reached XP level 1. HP: 7/7 MP: 4/4
   184 | D:1      | Slain by a jackal

Illustrated notes

Levels and vault maps discovered:
D:1:      dpeg_arrival_round_a, layout_rooms, minmay_indecisive_spiral

Action                   || total
-------------------------++-------
Melee: Unarmed           ||     2
 Cast: Magic Dart        ||     3
 Stab: Sleeping          ||     1
Dodge: Dodged            ||    10
